 Dungeon Crawl Stone Soup version 0.30-a0-859-gf88a04b62d (webtiles) character file.

Game seed: 493305330244113415

5108 retardedninja the Blocker (level 10, -8/82 HPs)
             Began as a Gnoll Fighter on Mar 6, 2023.
             Mangled by a troll (9 damage)
             ... on level 9 of the Dungeon.
             The game lasted 00:15:29 (10185 turns).

retardedninja the Blocker (Gnoll Fighter)          Turns: 10185, Time: 00:15:31

Health: -8/82      AC: 20    Str: 20    XL:     10   Next: 57%
Magic:  0/18       EV:  7    Int:  8    God:
Gold:   157        SH:  7    Dex: 11    Spells: 20/20 levels left

rFire   . . .      SeeInvis .    n - +3 flail
rCold   . . .      Faith    .    I - +1 buckler {reflect}
rNeg    . . .      Spirit   +    D - +0 plate armour
rPois   +          Reflect  +    q - +0 helmet
rElec   .          Rampage  .    l - +1 cloak
rCorr   .                        E - +0 pair of gloves
Will    +....                    p - +0 pair of boots Stlth
                                 a - amulet of guardian spirit
HPRegen 0.33/turn                F - ring of willpower
MPRegen 0.16/turn                j - ring of poison resistance

@: studying Shields
A: fangs 1, strong nose, distributed training
a: no special abilities


You were on level 9 of the Dungeon.
You visited 1 branch of the dungeon, and saw 10 of its levels.

You collected 1493 gold pieces.
You spent 1336 gold pieces at shops.

Inventory:

Hand Weapons
 n - a +3 flail (weapon)
Missiles
 h - 6 javelins (quivered)
 v - 6 boomerangs
 J - a throwing net
Armour
 l - a +1 cloak (worn)
 p - a +0 pair of boots (worn)
 q - a +0 helmet (worn)
 D - a +0 plate armour (worn)
 E - a +0 pair of gloves (worn)
 I - a +1 buckler of reflection (worn)
Jewellery
 a - an amulet of guardian spirit (around neck)
 b - a ring of protection from fire
 c - an amulet of reflection
 j - a ring of poison resistance (right hand)
 z - a +4 ring of protection
 F - a ring of willpower (left hand)
Wands
 e - a wand of digging (6)
 o - a wand of charming (15)
 A - a wand of flame (17)
 B - a wand of iceblast (10)
Scrolls
 f - 4 scrolls of noise
 g - 4 scrolls of teleportation
 t - a scroll of poison {unknown}
 w - a scroll of vulnerability {unknown}
 x - 3 scrolls of enchant weapon {unknown}
 y - 2 scrolls of magic mapping
 H - a scroll of enchant armour {unknown}
Potions
 d - a potion of might
 i - a potion of ambrosia {unknown}
 m - a potion of attraction
 r - 2 potions of magic
 u - a potion of brilliance
 C - 2 potions of flight {unknown}
 G - a potion of berserk rage {unknown}


   Skills:
 + Level 8.7 Fighting
 + Level 5.6 Short Blades
 + Level 5.6 Long Blades
 + Level 5.6 Axes
 + Level 7.3 Maces & Flails
 + Level 5.6 Polearms
 + Level 5.6 Staves
 + Level 5.6 Ranged Weapons
 + Level 5.6 Throwing
 + Level 8.7 Armour
 + Level 5.6 Dodging
 + Level 5.6 Stealth
 + Level 9.7 Shields
 + Level 5.6 Unarmed Combat
 + Level 5.6 Spellcasting
 + Level 4.6 Conjurations
 + Level 4.6 Hexes
 + Level 4.6 Summonings
 + Level 4.6 Necromancy
 + Level 4.6 Translocations
 + Level 4.6 Transmutations
 + Level 4.6 Fire Magic
 + Level 4.6 Ice Magic
 + Level 4.6 Air Magic
 + Level 4.6 Earth Magic
 + Level 4.6 Poison Magic
 + Level 6.2 Invocations
 + Level 5.6 Evocations


You had 20 spell levels left.
You didn't know any spells.
Your spell library contained the following spells:

 Spells                   Type           Power      Damage    Failure   Level
 Kiss of Death            Conj/Necr      36%        2d8       65%         1
 Magic Dart               Conj           36%        1d4       65%         1
 Necrotise                Necr           36%        1d5       65%         1
 Call Imp                 Summ           9%         N/A       78%         2
 Static Discharge         Conj/Air       18%        2-3/arc   78%         2
 Confusing Touch          Hex            9%         N/A       95%         3
 Mephitic Cloud           Conj/Pois/Air  9%         N/A       95%         3
 Vampiric Draining        Necr           9%         2d6       95%         3
 Vhi's Electric Charge    Tloc/Air       18%        N/A       95%         3
 Dispel Undead            Necr           9%         3d8       100%        4
 Agony                    Necr           9%         N/A       100%        5
 Arcjolt                  Conj/Air       4%         1d14      100%        5
 Lightning Bolt           Conj/Air       4%         1d16      100%        5


Dungeon Overview and Level Annotations

Branches:
Dungeon (10/15)            Temple (0/1) D:5             Orc (0/2) D:10
   Lair: D:8-11

Altars:
Ashenzari
Hepliaklqana
Kikubaaqudgha
Okawaru
The Shining One

Shops:
D:2 =   D:4 (   D:6 :[   D:8 [

Annotations:
D:8 3 runed translucent doors, Palms's ghost, novice SpHu; Rudyous's ghost, journeyman MiFi; greenreed's ghost, novice MiFi; jimonade's ghost, novice DjWr


Innate Abilities, Weirdness & Mutations

You have very sharp teeth.
Your uncanny sense of smell can sniff out nearby items.
Your experience applies equally to all skills.


Message History

The troll bites you! The troll claws you. x2
You bludgeon the troll!!
The troll is severely wounded.
The troll bites you.
The troll claws you but does no damage. x2
You hit the troll. You bite the troll.
The troll is severely wounded.
The troll barely misses you. You block the troll's attack. x2
You hit the troll.
The troll is almost dead.
The troll barely misses you. You block the troll's attack.
The troll claws you but does no damage.
You barely miss the troll.
The troll is almost dead.
The troll bites you.
* * * LOW HITPOINT WARNING * * *
You block the troll's attack. x2
You barely miss the troll.
The troll is almost dead.
The troll closely misses you. You block the troll's attack.
The troll claws you!
* * * LOW HITPOINT WARNING * * *
The troll bites you.
* * * LOW HITPOINT WARNING * * *
The troll claws you but does no damage. The troll claws you!
* * * LOW HITPOINT WARNING * * *
Okay, then.
You barely miss the troll.
The troll is severely wounded.
The troll barely misses you. The troll claws you but does no damage.
The troll completely misses you.
You hit the troll. You bite the troll, but do no damage.
The troll is almost dead.
The troll bites you.
* * * LOW HITPOINT WARNING * * *
The troll claws you but does no damage. x2
You closely miss the troll. You bite the troll.
The troll is almost dead.
The troll closely misses you. You block the troll's attack.
The troll claws you!
You die...

###'##### ###<.# #...##
###'#########
#...........# #########
#...........# #........
#...........# #........
#.).........# #........
#.....T@†...# #........
#.....[>....# #........
#......†[...####........
#...........##.'........
#...........+..#........
#...........#######'####
#...........# #.####
#####'####### #.....
#.### #####.


You could see a troll.

Vanquished Creatures
  Maurice (D:9)
  A gargoyle (D:9)
  Maggie (D:8)
  A troll (D:9)
  A hornet (D:9)
  2 wraiths
  2 steam dragons
  3 wargs (D:9)
  A water moccasin (D:9)
  3 ice beasts
  An orc warrior (D:7)
  A sky beast (D:6)
  2 black bears
  An ogre (D:5)
  A phantom (D:4)
  3 centaurs
  3 bullfrogs
  5 scorpions
  4 wights (D:7)
  4 killer bees (D:9)
  A howler monkey (D:9)
  7 hounds
  3 jellies
  2 orc priests
  A sleepcap (D:8)
  Terence (D:2)
  A gnoll bouda (D:8)
  2 iguanas
  6 orc wizards
  Natasha (D:1)
  4 gnolls (D:8)
  7 adders
  A shadow imp (D:8)
  A white imp (D:5)
  A worm (D:1)
  2 dart slugs
  23 orcs
  7 ball pythons
  3 endoplasms
  6 goblins
  3 hobgoblins
  8 jackals
  5 kobolds
  3 quokkas
  3 bats (D:2)
  6 frilled lizards
  3 rats
  A spectral goblin (D:7)
153 creatures vanquished.

Notes
Turn   | Place    | Note
-------+----------+-------------------------------------------
     0 | D:1      | retardedninja the Gnoll Fighter began the quest for the
                  | Orb.
     0 | D:1      | Reached XP level 1. HP: 23/23 MP: 1/1
    87 | D:1      | Reached XP level 2. HP: 27/29 MP: 2/2
   379 | D:1      | Reached XP level 3. HP: 35/35 MP: 3/3
   854 | D:2      | Found Kira's Jewellery Shoppe.
   952 | D:2      | Noticed Natasha
   953 | D:2      | Reached skill level 1 in Invocations
   968 | D:1      | Killed Natasha
   969 | D:1      | Reached skill level 1 in Short Blades
   969 | D:1      | Reached skill level 1 in Long Blades
   969 | D:1      | Reached skill level 1 in Axes
   969 | D:1      | Reached skill level 1 in Polearms
   969 | D:1      | Reached skill level 1 in Staves
   969 | D:1      | Reached skill level 1 in Ranged Weapons
   969 | D:1      | Reached skill level 1 in Throwing
   969 | D:1      | Reached skill level 1 in Dodging
   969 | D:1      | Reached skill level 1 in Stealth
   969 | D:1      | Reached skill level 1 in Unarmed Combat
   969 | D:1      | Reached skill level 1 in Spellcasting
   969 | D:1      | Reached skill level 1 in Evocations
   969 | D:1      | Reached XP level 4. HP: 12/41 MP: 5/5
  1560 | D:2      | Noticed Terence
  1579 | D:2      | Killed Terence
  1580 | D:2      | Reached skill level 1 in Conjurations
  1580 | D:2      | Reached skill level 1 in Hexes
  1580 | D:2      | Reached skill level 1 in Summonings
  1580 | D:2      | Reached skill level 1 in Necromancy
  1580 | D:2      | Reached skill level 1 in Translocations
  1580 | D:2      | Reached skill level 1 in Transmutations
  1580 | D:2      | Reached skill level 1 in Fire Magic
  1580 | D:2      | Reached skill level 1 in Ice Magic
  1580 | D:2      | Reached skill level 1 in Air Magic
  1580 | D:2      | Reached skill level 1 in Earth Magic
  1580 | D:2      | Reached skill level 1 in Poison Magic
  2019 | D:3      | Reached XP level 5. HP: 26/47 MP: 5/7
  2329 | D:3      | Reached XP level 6. HP: 43/53 MP: 8/8
  2442 | D:3      | Found a glowing golden altar of the Shining One.
  2505 | D:3      | Found an ancient bone altar of Kikubaaqudgha.
  2767 | D:4      | Found Hootwakk's Weapon Emporium.
  3043 | D:4      | Identified a scroll of acquirement
  3043 | D:4      | Acquired 1027 gold pieces
  3056 | D:4      | Reached skill level 5 in Maces & Flails
  3681 | D:5      | Entered Level 5 of the Dungeon
  3756 | D:5      | Noticed an ice beast
  3759 | D:5      | Killed an ice beast
  3760 | D:5      | Reached skill level 7 in Shields
  3760 | D:5      | Reached XP level 7. HP: 60/60 MP: 10/10
  4197 | D:5      | Found a staircase to the Ecumenical Temple.
  4377 | D:5      | Reached XP level 8. HP: 66/67 MP: 12/12
  4976 | D:6      | Found Baluest's Armour Boutique.
  5496 | D:6      | Found Abuf's Book Emporium.
  5505 | D:6      | Bought a manual of Shields for 1120 gold pieces
  5813 | D:7      | Noticed a wraith
  5838 | D:7      | Killed a wraith
  5839 | D:7      | Reached XP level 9. HP: 53/73 MP: 9/15
  5903 | D:7      | Reached skill level 8 in Shields
  6237 | D:7      | Found a broken altar of Ashenzari.
  6461 | D:7      | Found a hazy altar of Hepliaklqana.
  6694 | D:8      | Found a runed translucent gate.
  6694 | D:8      | Found a runed translucent gate.
  6694 | D:8      | Noticed jimonade's ghost (novice DjWr)
  6694 | D:8      | Noticed greenreed's ghost (novice MiFi)
  6695 | D:8      | Found a runed translucent gate.
  6695 | D:8      | Noticed Rudyous's ghost (journeyman MiFi)
  6698 | D:8      | Noticed Palms's ghost (novice SpHu)
  6766 | D:8      | Found Acicrub's Armour Shoppe.
  6780 | D:8      | Bought a +1 buckler of reflection for 216 gold pieces
  6956 | D:8      | Found an iron altar of Okawaru.
  7145 | D:8      | Reached skill level 5 in Invocations
  7659 | D:8      | Noticed Maggie
  7673 | D:8      | Killed Maggie
  7989 | D:9      | Noticed Maurice
  8005 | D:9      | Killed Maurice
  8006 | D:9      | Reached skill level 9 in Shields
  8247 | D:9      | Reached skill level 5 in Short Blades
  8247 | D:9      | Reached skill level 5 in Long Blades
  8247 | D:9      | Reached skill level 5 in Axes
  8247 | D:9      | Reached skill level 5 in Polearms
  8247 | D:9      | Reached skill level 5 in Staves
  8247 | D:9      | Reached skill level 5 in Ranged Weapons
  8247 | D:9      | Reached skill level 5 in Throwing
  8247 | D:9      | Reached skill level 5 in Dodging
  8247 | D:9      | Reached skill level 5 in Stealth
  8247 | D:9      | Reached skill level 5 in Unarmed Combat
  8247 | D:9      | Reached skill level 5 in Spellcasting
  8247 | D:9      | Reached skill level 5 in Evocations
  8247 | D:9      | Reached XP level 10. HP: 78/81 MP: 17/17
  8528 | D:9      | Noticed a gargoyle
  8556 | D:9      | Killed a gargoyle
  9964 | D:10     | Entered Level 10 of the Dungeon
  9968 | D:10     | Found a staircase to the Orcish Mines.
 10160 | D:10     | Noticed a gargoyle
 10182 | D:9      | HP: 4/82 [troll (7)]
 10184 | D:9      | HP: 1/82 [troll (4)]
 10185 | D:9      | Mangled by a troll

Illustrated notes

Levels and vault maps discovered:
D:1:      dpeg_arrival_yet_another_circle, layout_basic,
          minmay_misc_feat_hallway, chequers_jeans
D:2:      layout_basic, serial_shops, shop, kennysheep_minor_cross,
          uniq_terence, uniq_natasha
D:3:      layout_rooms, nicolae_tso_swordbearing_angel, lemuel_round_altar
D:4:      layout_layer_cave, serial_shops, nicolae_shop_waterfront
D:5:      black_bear_nest_2, layout_basic, temple_statues
D:6:      layout_basic, serial_shops,
          nicolae_shop_temple_entry_statues_fountains, nicolae_lakefront_shop
D:7:      layout_basic, ashenzari_altar_1,
          nicolae_hepliaklqana_monster_ancestors
D:8:      layout_basic, mainiacjoe_overflow_alcove_1, gammafunk_ghost_cemetery,
          serial_shops, nicolae_shop_crystal, uniq_maggie
D:9:      layout_roguey, uniq_maurice
D:10:     layout_cross, minmay_orc_entry_guard_dogs, serial_shops,
          nicolae_lakefront_shop, grunt_ministairs_9

Skill      XL: |  1  2  3  4  5  6  7  8  9 10 |
---------------+-------------------------------+-----
Invocations    | 1 2 3 4 5 6 |  6.2
Short Blades   | 1 2 3 4 5 |  5.6
Long Blades    | 1 2 3 4 5 |  5.6
Axes           | 1 2 3 4 5 |  5.6
Polearms       | 1 2 3 4 5 |  5.6
Staves         | 1 2 3 4 5 |  5.6
Ranged Weapons | 1 2 3 4 5 |  5.6
Throwing       | 1 2 3 4 5 |  5.6
Dodging        | 1 2 3 4 5 |  5.6
Stealth        | 1 2 3 4 5 |  5.6
Unarmed Combat | 1 2 3 4 5 |  5.6
Spellcasting   | 1 2 3 4 5 |  5.6
Evocations     | 1 2 3 4 5 |  5.6
Conjurations   | 1 2 3 4 |  4.6
Hexes          | 1 2 3 4 |  4.6
Summonings     | 1 2 3 4 |  4.6
Necromancy     | 1 2 3 4 |  4.6
Translocations | 1 2 3 4 |  4.6
Transmutations | 1 2 3 4 |  4.6
Fire Magic     | 1 2 3 4 |  4.6
Ice Magic      | 1 2 3 4 |  4.6
Air Magic      | 1 2 3 4 |  4.6
Earth Magic    | 1 2 3 4 |  4.6
Poison Magic   | 1 2 3 4 |  4.6
Maces & Flails | 5 6 7 |  7.3
Fighting       | 7 8 |  8.7
Armour         | 7 8 |  8.7
Shields        | 7 9 |  9.7

Action                     |  1- 3 |  4- 6 |  7- 9 | 10-12 || total
---------------------------+-------+-------+-------+-------++-------
  Melee: Flail             |    63 |   129 |   327 |   124 ||   643
         Bite              |     5 |    11 |    49 |    13 ||    78
  Throw: Javelin           |     3 |     1 |    12 |       ||    16
  Evoke: Wand              |       |     2 |     6 |     5 ||    13
    Use: Potion            |     1 |     1 |     1 |     5 ||     8
         Scroll            |       |     7 |     3 |     3 ||    13
   Stab: Invisible         |       |       |     1 |       ||     1
 Armour: Scale mail        |    31 |     3 |       |       ||    34
         Chain mail        |       |    78 |   148 |       ||   226
         Plate armour      |       |       |   104 |   173 ||   277
  Dodge: Dodged            |    32 |    29 |   133 |    87 ||   281
  Block: Buckler           |    14 |    39 |    75 |    97 ||   225
         Reflection        |       |       |       |     4 ||     4

Table legend: (Time is in decaauts)
 A = Elapsed time spent in this place.
 B = Non-inter-level travel time spent in this place.
 C = Inter-level travel time spent in this place.
 D = Time resting spent in this place.
 E = Time spent auto-exploring this place.
 F = Levels seen in this place.
 G = Mean time per level.
                   A        B        C        D        E       F      G
               +--------+--------+--------+--------+--------+-----+--------+
         Total |  10332 |  10122 |    210 |   2968 |   5579 |  10 | 1033.2 |
       Dungeon |  10332 |  10122 |    210 |   2968 |   5579 |  10 | 1033.2 |
               +--------+--------+--------+--------+--------+-----+--------+

Top non-repeatable levels by time:
     D:9: 2195 daAuts
     D:8: 1307 daAuts
     D:7: 1152 daAuts
     D:1: 1131 daAuts
     D:6: 982 daAuts
     D:4: 935 daAuts
     D:5: 907 daAuts
     D:2: 904 daAuts
     D:3: 776 daAuts
    D:10: 40 daAuts
